 Dungeon Sprint DCSS version bcrawl-1.15.1 (webtiles) character file.

Game seed: 12135332111620537809

11608 Groucho the Imperceptible (level 11, -2/74 HPs)
             Began as a Felid Berserker on Oct 1, 2019.
             Was a High Priest of Trog.
             Slain by a red ugly thing (19 damage)
             ... in the Dungeon (Sprint IX: "|||||||||||||||||||||||||||||").
             The game lasted 00:18:05 (4997 turns).

Groucho the Imperceptible (Felid Berserker)         Turns: 4997, Time: 00:18:05

Health: -2/74      AC:  3    Str: 13    XL:     11   Next: 80%
Magic:  0/28       EV: 40    Int:  9    God:    Trog [*****.]
Gold:   1158       SH:  0    Dex: 23    Spells: 34/34 levels left
                                        Lives:  0   Deaths: 3

rFire    . . .     SeeInvis +     - Unarmed
rCold    + . .     Gourm    .   (shield unavailable)
rNeg     . . .     Faith    .   (armour unavailable)
rPois    .         Spirit   +   (helmet unavailable)
rElec    .         Reflect  .   w - scarf {cloud immunity}
rCorr    .         Harm     .   (gloves unavailable)
MR       +++..     NoTele   +   (boots unavailable)
Stlth    +++++++++.             t - amulet of guardian spirit
HPRegen  1.22/turn              k - +3 ring of dexterity
MPRegen  0.21/turn              u - +2 ring of evasion

@: lethally poisoned (-2 -> -2), berserk cooldown, regenerating, slowed, slow
A: very small, no armour, no weapons or thrown items, stealth, claws 1, fangs 3,
see invisible, carnivore, speed 1, shaggy fur 3, slow metabolism 1, sharp paws
a: Berserk, Trog's Hand, Brothers in Arms, Renounce Religion


You were in the Dungeon.
You worshipped Trog.
Trog was extremely pleased with you.
You were very hungry.

You visited 1 branch You collected 1900 gold pieces.
You spent 742 gold pieces at shops.

Inventory:

Armour
 w - a scarf of cloud immunity (worn)
Jewellery
 k - a +3 ring of dexterity (left paw)
 l - a +2 ring of protection
 p - an uncursed ring of fire
 q - an uncursed ring of stealth
 s - an uncursed ring of insulation
 t - an amulet of guardian spirit (around neck)
 u - a +2 ring of evasion (right paw)
 v - an uncursed ring of ice
 z - a +6 ring of strength
 A - a +6 ring of intelligence
 B - a +6 ring of dexterity
 C - a +6 ring of intelligence
Wands
 j - a wand of iceblast (10)
Scrolls
 g - 5 scrolls of blinking
 i - 7 scrolls of remove curse
 r - 3 scrolls of identify
 y - 2 scrolls of fear
 D - a scroll of fog
Potions
 b - 6 potions of curing
 c - 5 potions of heal wounds
 d - 2 potions of haste
 e - 4 potions of magic
 f - a potion of berserk rage
 h - a potion of invisibility
 m - a potion of resistance
 n - 3 potions of might
 o - 3 potions of brilliance
 x - 3 potions of agility
 E - a potion of lignification {unknown}
Comestibles
 a - 10 rations {!d}


   Skills:
 + Level 16.7 Fighting
 + Level 20.7 Dodging
 + Level 22.2 Stealth
 + Level 19.3 Unarmed Combat
 + Level 12.4 Spellcasting


You had 34 spell levels left.
You didn't know any spells.
Your spell library was empty.

Dungeon Overview and Level Annotations

Branches:
Dungeon (1/1)

Altars:
Cheibriados
Dithmenos
Elyvilon
Fedhas
Gozag
Hepliaklqana
Kikubaaqudgha
Lugonu
Makhleb
Nemelex Xobeh
Okawaru
Qazlal
Ru
Sif Muna
Trog
Uskayaw
Vehumet
Wu Jian
Xom
Yredelemnul
Zin
The Shining One
Beogh
Jiyva

Shops:
D =!%(


Innate Abilities, Weirdness & Mutations

You cannot wear almost all types of armour.
You are incapable of wielding weapons or throwing items.
Your paws allow you to move quietly. (Stealth)
You have sharp claws.
You have razor-sharp teeth.
You have supernaturally acute eyesight. (SInv)
You are carnivorous and can eat meat at any time.
You cover ground quickly.
Your thick and shaggy fur keeps you warm. (AC +3, rC+)
You have a slow metabolism.
Your sharp claws are effective at attacking unaware monsters.


Message History

You mangle the vault sentinel!!
You kill the vault sentinel!
Trog accepts your kill.
Trog appreciates your killing of a magic user.
You feel sick.
You are no longer berserk.
You are exhausted.
You feel yourself slow down. The red ugly thing misses you.
Items here: ( )) [ † a +0 long sword; a +0 arbalest; 177 bolts; a +0 scale mail; a human corpse Unknown command.
You scratch the red ugly thing but do no damage.
You claw the red ugly thing, but do no damage.
You feel sick.
A slime creature comes into view.
Trog doesn't appreciate your training magic!
You feel a little guilty. The red ugly thing trunk-slaps you!
* * * LOW HITPOINT WARNING * * *
You are engulfed in flames!!
You die...

▓▓▓▓▓▓▓▓▓▓▓▓▓▓▓▓▓▓▓▓▓
....................+
▓▓▓▓▓▓▓▓▓▓▓▓▓▓▓▓▓▓▓▓▓▓▓▓▓▓▓▓▓▓▓▓
....................[..........▓
▓▓▓▓▓▓▓▓▓▓▓▓▓▓▓▓▓▓▓▓▓▓▓▓▓▓▓▓▓▓.▓
J..ppWu@))))+.........▓
▓▓▓▓▓▓▓▓▓▓▓▓▓▓▓▓▓▓▓▓▓▓▓▓▓▓▓▓▓▓▓▓
...............................▓
▓▓▓▓▓▓▓▓♣♣♣♣♣♣♣♣♣♣▓▓▓▓▓▓▓▓▓▓▓▓.▓
........'.........'............▓
▓▓▓▓▓▓▓▓♣♣♣♣♣♣♣♣♣♣▓▓▓▓▓▓▓▓▓▓▓▓▓▓
...............................▓
▓▓▓▓▓▓▓▓▓▓▓▓▓▓▓▓▓▓▓▓▓▓▓▓▓▓▓▓▓▓.▓
....?'())))[)........'.........▓


You could see an ironheart preserver, a red ugly thing, a slime creature, an
ironbrand convoker and a wraith.

Vanquished Creatures
  Xtahua (D)
  A thorn hunter (D)
  Agnes (D)
  A storm dragon (D)
  A vault warden (D)
  2 stone giants (D)
  An entropy weaver (D)
  An ettin (D)
  2 fire dragons (D)
  A merfolk impaler (D)
  A hydra (shapeshifter) (D)
  A hydra (D)
  2 rakshasas (D)
  Erica (D)
  A ghost crab (D)
  An alligator (D)
  A centaur warrior (D)
  2 deep troll shamans (D)
  An ogre mage (D)
  A deep troll earth mage (D)
  3 wizards (D)
  A sea snake (D)
  A glowing orange brain (D)
  A necromancer (D)
  An orc knight (D)
  A mana viper (D)
  A lindwurm (D)
  A salamander (D)
  An ugly thing (D)
  A vault sentinel (D)
  2 merfolk sirens (D)
  2 black mambas (D)
  2 cane toads (D)
  A rime drake (D)
  A komodo dragon (D)
  A jumping spider (D)
  A hornet (D)
  A tyrant leech (D)
  A hippogriff (D)
  A slime creature (D)
  2 snapping turtles (D)
  A water elemental (D)
  A redback (D)
  A yak (D)
  A human (shapeshifter) (D)
  Eustachio (D)
  2 basilisks (D)
  Grum (D)
  A naga (D)
  5 water moccasins (D)
  3 orc warriors (D)
  A swamp drake (D)
  An ogre (D)
  4 wolves (D)
  2 crocodiles (D)
  A bullfrog (D)
  A crimson imp (D)
  A hound (D)
  4 orc priests (D)
  An orc wizard (D)
  An adder (D)
  2 worms (D)
  4 orcs (D)
  2 hobgoblins (D)
  A jackal (D)
  A ball python (D)
  A frilled lizard (D)
  A giant cockroach zombie (D)
  A rat (D)
98 creatures vanquished.

Vanquished Creatures (collateral kills)
  A fire giant (D)
  A ghost moth (D)
  A very ugly thing (D)
  2 stone giants (D)
  An ironheart preserver (D)
  An ettin (D)
  A ghost crab (D)
  A naga warrior (D)
  An anaconda (D)
  An alligator snapping turtle (D)
  2 two-headed ogres (D)
  A centaur warrior (D)
  An orc high priest (D)
  An unseen horror (D)
  2 ironbrand convokers (D)
  A cyclops (D)
  6 orc knights (D)
  An orb spider (D)
  A black mamba (D)
  A naga mage (D)
  A demonic crawler (D)
  2 tengu conjurers (D)
  2 jumping spiders (D)
  3 tyrant leeches (D)
  A slime creature (D)
  A water elemental (D)
  A tarantella (D)
  14 orc warriors (D)
  An eye of draining (D)
  An ogre (D)
  A centaur (D)
  A crocodile (D)
  An orc priest (D)
  An orc wizard (D)
  A worker ant (D)
  A worm (D)
  3 orcs (D)
  2 bat zombies (D)
  A giant cockroach zombie (D)
  A jackal skeleton (D)
68 creatures vanquished.

Vanquished Creatures (others)
  A hydra (D)
  2 swamp drakes (D)
3 creatures vanquished.

Grand Total: 169 creatures vanquished

Notes
Turn   | Place    | Note
-------+----------+-------------------------------------------
     0 | D        | Groucho the Felid Berserker began the quest for the Orb.
     0 | D        | Reached XP level 1. HP: 12/12 MP: 2/2
     3 | D        | Reached skill level 2 in Stealth
     3 | D        | Reached skill level 3 in Stealth
     3 | D        | Reached skill level 4 in Stealth
     8 | D        | Reached ** piety under Trog
   329 | D        | Reached skill level 5 in Dodging
   329 | D        | Reached skill level 6 in Stealth
   329 | D        | Reached skill level 5 in Unarmed Combat
   329 | D        | Reached XP level 2. HP: 17/17 MP: 3/3
   329 | D        | Reached XP level 3. HP: 21/21 MP: 4/4
   329 | D        | Noticed an ogre
   329 | D        | Reached XP level 4. HP: 26/26 MP: 5/5
   334 | D        | Killed an ogre
   347 | D        | Reached *** piety under Trog
   534 | D        | Found a roughly hewn altar of Beogh.
   534 | D        | Found a snail-covered altar of Cheibriados.
   534 | D        | Found a shadowy altar of Dithmenos.
   534 | D        | Found a white marble altar of Elyvilon.
   534 | D        | Found a blossoming altar of Fedhas.
   534 | D        | Found an opulent altar of Gozag.
   535 | D        | Found a hazy altar of Hepliaklqana.
   536 | D        | Found a viscous altar of Jiyva.
   537 | D        | Found an ancient bone altar of Kikubaaqudgha.
   538 | D        | Found a corrupted altar of Lugonu.
   539 | D        | Found a burning altar of Makhleb.
   540 | D        | Found a sparkling altar of Nemelex Xobeh.
   541 | D        | Found an iron altar of Okawaru.
   542 | D        | Found a stormy altar of Qazlal.
   543 | D        | Found a sacrificial altar of Ru.
   544 | D        | Found a shimmering blue altar of Sif Muna.
   545 | D        | Found a bloodstained altar of Trog.
   546 | D        | Found a hide-covered altar of Uskayaw.
   547 | D        | Found a radiant altar of Vehumet.
   548 | D        | Found an ornate altar of the Wu Jian Council.
   549 | D        | Found a shimmering altar of Xom.
   550 | D        | Found a basalt altar of Yredelemnul.
   551 | D        | Found a glowing silver altar of Zin.
   552 | D        | Found a glowing golden altar of the Shining One.
   578 | D        | Reached skill level 7 in Stealth
   578 | D        | Reached skill level 10 in Stealth
   578 | D        | Reached XP level 5. HP: 33/33 MP: 6/6
   578 | D        | Gained mutation: You are covered in thick fur. (AC +2)
                  | [Felid growth]
   578 | D        | Reached XP level 6. HP: 38/38 MP: 7/7
   578 | D        | Noticed a two-headed ogre
   578 | D        | Reached skill level 10 in Dodging
   578 | D        | Reached XP level 7. HP: 42/42 MP: 8/8
   578 | D        | Reached skill level 11 in Stealth
   580 | D        | Reached **** piety under Trog
   590 | D        | Killed a two-headed ogre
   609 | D        | Reached skill level 10 in Unarmed Combat
   609 | D        | Noticed a tengu conjurer
   609 | D        | Reached skill level 12 in Stealth
   609 | D        | Reached XP level 8. HP: 49/49 MP: 9/9
   609 | D        | Noticed an unseen horror
   609 | D        | Noticed a slime creature
   615 | D        | Killed a tengu conjurer
   615 | D        | Reached ***** piety under Trog
   616 | D        | Killed an unseen horror
   619 | D        | Killed a slime creature
   740 | D        | Noticed a cane toad
   740 | D        | Reached skill level 13 in Stealth
   740 | D        | Noticed a hippogriff
   740 | D        | Noticed a yak
   741 | D        | Reached skill level 10 in Fighting
   742 | D        | Killed a cane toad
   751 | D        | Killed a hippogriff
   757 | D        | Killed a yak
   769 | D        | Reached ****** piety under Trog
  1055 | D        | Reached XP level 9. HP: 54/54 MP: 10/10
  1055 | D        | Reached skill level 14 in Stealth
  1055 | D        | Noticed a cane toad
  1055 | D        | Noticed an alligator
  1056 | D        | Noticed a rime drake
  1074 | D        | Killed a cane toad
  1084 | D        | Killed an alligator
  1089 | D        | Killed a rime drake
  1098 | D        | Reached skill level 15 in Stealth
  1098 | D        | Noticed a seven-headed hydra
  1156 | D        | Killed a seven-headed hydra
  1158 | D        | Noticed a lindwurm
  1158 | D        | Noticed a tyrant leech
  1158 | D        | Noticed a tyrant leech
  1159 | D        | Reached XP level 10. HP: 61/61 MP: 11/11
  1160 | D        | Killed a lindwurm
  1274 | D        | Noticed Eustachio
  1288 | D        | Killed Eustachio
  1365 | D        | Reached skill level 16 in Stealth
  1365 | D        | Noticed an orc knight
  1371 | D        | Reached skill level 15 in Dodging
  1371 | D        | Noticed a stone giant
  1373 | D        | HP: 3/62 [orc priest/divine providence (16)]
  1442 | D        | Killed an orc knight
  1452 | D        | Killed a stone giant
  1584 | D        | Noticed an orc knight
  1591 | D        | Killed an orc knight
  1603 | D        | Noticed an orc high priest
  1607 | D        | Noticed an orange demon
  1613 | D        | Killed an orc high priest
  1736 | D        | Found Mosk's Jewellery Emporium.
  1736 | D        | Reached skill level 17 in Stealth
  1736 | D        | Noticed an orc knight
  1736 | D        | Noticed an orc knight
  1745 | D        | Killed an orc knight
  1756 | D        | Killed an orc knight
  1770 | D        | Found Kaarph's Distillery.
  1774 | D        | Found Caejomn's Food Emporium.
  1778 | D        | Found Ewaylur's Antique Weapon Shoppe.
  1780 | D        | Reached skill level 15 in Unarmed Combat
  1780 | D        | Noticed an orc knight
  1781 | D        | Noticed an orc knight
  1782 | D        | Reached XP level 11. HP: 68/68 MP: 12/12
  1783 | D        | Noticed an orc knight
  1788 | D        | Killed an orc knight
  1794 | D        | Killed an orc knight
  1796 | D        | Killed an orc knight
  1832 | D        | Bought an uncursed ring of stealth for 192 gold pieces
  1832 | D        | Bought an uncursed ring of insulation for 220 gold pieces
  1832 | D        | Bought an uncursed amulet of guardian spirit for 330 gold
                  | pieces
  2058 | D        | Noticed Erica
  2068 | D        | Killed Erica
  2191 | D        | Reached skill level 1 in Spellcasting
  2191 | D        | Noticed a cyclops
  2191 | D        | Noticed a two-headed ogre
  2191 | D        | Reached skill level 18 in Stealth
  2198 | D        | Killed a cyclops
  2200 | D        | Killed a two-headed ogre
  2203 | D        | Noticed a centaur warrior
  2205 | D        | Noticed a white very ugly thing
  2208 | D        | Killed a centaur warrior
  2213 | D        | Noticed a fire giant
  2217 | D        | Killed a white very ugly thing
  2223 | D        | Killed a fire giant
  2226 | D        | Noticed a deep troll earth mage
  2227 | D        | Noticed a rakshasa
  2228 | D        | Reached skill level 5 in Spellcasting
  2228 | D        | Noticed a deep troll shaman
  2249 | D        | Killed a deep troll earth mage
  2254 | D        | Killed a rakshasa
  2258 | D        | Killed a deep troll shaman
  2423 | D        | Noticed a mana viper
  2423 | D        | Noticed a naga warrior
  2423 | D        | Reached skill level 19 in Stealth
  2423 | D        | Noticed a salamander
  2643 | D        | Noticed an anaconda
  2643 | D        | Killed a mana viper
  2657 | D        | Killed a naga warrior
  2670 | D        | Killed a salamander
  2678 | D        | Killed an anaconda
  2849 | D        | Noticed an alligator snapping turtle
  2849 | D        | Gained mutation: Your thick and shaggy fur keeps you warm.
                  | (AC +3, rC+) [Felid growth]
  2849 | D        | Reached XP level 12. HP: 75/75 MP: 21/23
  2849 | D        | Noticed a merfolk impaler
  2860 | D        | Killed an alligator snapping turtle
  2870 | D        | Killed a merfolk impaler
  3127 | D        | Noticed an entropy weaver
  3127 | D        | Noticed a ghost moth
  3129 | D        | Killed an entropy weaver
  3142 | D        | Killed a ghost moth
  3270 | D        | Reached skill level 20 in Stealth
  3270 | D        | Noticed a thorn hunter
  3270 | D        | Reached skill level 15 in Fighting
  3270 | D        | Noticed a ghost crab
  3270 | D        | Noticed a ghost crab
  3272 | D        | Killed a thorn hunter
  3273 | D        | Noticed a four-headed hydra
  3287 | D        | Killed a four-headed hydra
  3302 | D        | Killed a ghost crab
  3305 | D        | Killed a ghost crab
  3591 | D        | Noticed Grum
  3598 | D        | Killed Grum
  3880 | D        | Noticed an ettin
  3880 | D        | Noticed a stone giant
  3880 | D        | Noticed an ettin
  3880 | D        | Noticed a deep troll shaman
  3880 | D        | Noticed a fire dragon
  3881 | D        | Reached skill level 10 in Spellcasting
  3881 | D        | Noticed a rakshasa
  3882 | D        | Killed an ettin
  3890 | D        | Killed a stone giant
  3902 | D        | Noticed a fire dragon
  3910 | D        | Killed an ettin
  3912 | D        | Noticed a storm dragon
  3916 | D        | Noticed a storm dragon
  3917 | D        | Killed a deep troll shaman
  3920 | D        | Noticed a stone giant
  3925 | D        | Killed a fire dragon
  3929 | D        | Reached skill level 21 in Stealth
  3929 | D        | Reached XP level 13. HP: 14/81 MP: 2/28
  3929 | D        | Noticed a stone giant
  3931 | D        | Killed a rakshasa
  3936 | D        | HP: 3/81 [storm dragon (4)]
  3937 | D        | Mangled by a storm dragon
  3938 | D        | Reached XP level 12. HP: -6/77 MP: 0/27
  4095 | D        | Killed from afar by a storm dragon
  4096 | D        | Reached XP level 11. HP: -4/72 MP: 0/26
  4535 | D        | Killed a fire dragon
  4641 | D        | Killed a storm dragon
  4664 | D        | Noticed a wizard
  4667 | D        | Killed a glowing orange brain
  4670 | D        | Killed a wizard
  4674 | D        | Noticed a spark wasp
  4683 | D        | Noticed a five-headed hydra
  4683 | D        | a spark wasp changed into a five-headed hydra
  4694 | D        | Killed a five-headed hydra
  4698 | D        | Noticed a wizard
  4704 | D        | Killed a wizard
  4714 | D        | Noticed an ettin
  4725 | D        | Hit by a large rock thrown by a stone giant
  4726 | D        | Reached XP level 10. HP: -7/68 MP: 0/26
  4758 | D        | Found the +15 Maxwell's patent armour {-Cast -Tele rElec
                  | MR+ rCorr}
  4881 | D        | Noticed Agnes
  4888 | D        | Killed Agnes
  4906 | D        | Reached XP level 11. HP: 72/72 MP: 27/27
  4906 | D        | Noticed Xtahua
  4908 | D        | Killed Xtahua
  4909 | D        | Found the +6 fire dragon scales of Xtahua {rF+++ rC- MR+}
  4930 | D        | Noticed an ironbrand convoker
  4930 | D        | Noticed a stone giant
  4930 | D        | Noticed an ironbrand convoker
  4930 | D        | Noticed an ogre mage
  4930 | D        | Noticed a stone giant
  4930 | D        | Noticed a necromancer
  4931 | D        | Noticed an ironheart preserver
  4932 | D        | Killed a necromancer
  4933 | D        | Reached skill level 22 in Stealth
  4933 | D        | Noticed a centaur warrior
  4934 | D        | Killed a stone giant
  4936 | D        | Killed an ogre mage
  4937 | D        | Noticed a vault warden
  4941 | D        | Noticed a wizard
  4953 | D        | Killed a stone giant
  4956 | D        | Killed an ironheart preserver
  4961 | D        | Killed an ironbrand convoker
  4963 | D        | Killed an ironbrand convoker
  4982 | D        | Noticed a red ugly thing
  4984 | D        | Killed a vault warden
  4988 | D        | Killed a centaur warrior
  4991 | D        | Killed a wizard
  4991 | D        | Noticed an ironheart preserver
  4993 | D        | Noticed an ironbrand convoker
  4997 | D        | Slain by a red ugly thing

Skill      XL: |  1  2  3  4  5  6  7  8  9 10 11 12 |
---------------+-------------------------------------+-----
Stealth        | 6 10 12 13 15 17 22 21 | 22.2
Fighting       | 4 7 9 10 11 13 16 15 | 16.7
Dodging        | 5 6 9 10 11 12 14 20 18 19 | 20.7
Unarmed Combat | 5 9 10 11 13 15 19 18 | 19.3
Spellcasting   | 12 10 | 12.4

Action                   |  1- 3 |  4- 6 |  7- 9 | 10-12 | 13-15 || total
-------------------------+-------+-------+-------+-------+-------++-------
Melee: Unarmed           |    19 |    32 |    88 |   296 |     8 ||   443
       Bite              |     3 |     3 |     8 |    46 |     2 ||    62
       Punch             |       |     2 |     6 |    25 |     2 ||    35
Invok: Trog's Hand       |       |       |     3 |    16 |       ||    19
       Brothers in Arms  |       |       |     1 |    28 |       ||    29
       Berserk           |       |       |     1 |     6 |       ||     7
  Use: Potion            |       |       |     1 |     6 |       ||     7
       Scroll            |       |       |     1 |     2 |       ||     3
 Stab: Sleeping          |     1 |       |     5 |    14 |       ||    20
       Distracted        |       |       |       |     1 |       ||     1
  Eat: Chunk             |       |       |     7 |    16 |       ||    23
       Ration            |       |       |       |     1 |       ||     1
Armor: Skin              |       |       |     2 |     9 |     1 ||    12
Dodge: Dodged            |     9 |    29 |    68 |   291 |     9 ||   406
